Map: Honorgrounds LE

Players

Rugi - Winner!

  • Race: Zerg Zerg
  • League: Master
  • Spawn Location: 7:00

Loken

  • Race: Protoss Protoss
  • League: Platinum
  • Spawn Location: 1:00

VOD

Have the link to the VOD?

Description

Time

  • Played on: March 30, 2017, 5:24 a.m.
  • Length: 8:42
Show
View Real Time Build Order
Export as new Build Order

Rugi Zerg - Winner!

Build Orders: Hatch First 

Get SALT Encoding   

  12  0:00  Drone  
  13  0:12  Overlord  
  13  0:18  Drone  
  14  0:31  Drone x2  
  14  0:34  Drone  
  17  0:55  Hatchery  
  16  0:59  Drone  
  16  1:00  Drone  
  16  1:04  Extractor  
  17  1:08  Drone  
  18  1:20  Spawning Pool  
  18  1:25  Drone  
  18  1:31  Drone  
  19  1:39  Overlord  
  19  2:07  Queen x2, Metabolic Boost  
  23  2:08  Zergling x2  
  23  2:11  Drone  
  23  2:14  Drone  
  26  2:22  Drone x2  
  28  2:23  Drone  
  28  2:29  Drone  
  30  2:34  Drone  
  31  2:39  Overlord  
  31  2:49  Drone  
  31  2:50  Drone  
  33  2:54  Hatchery  
  32  3:00  Queen  
  34  3:06  Queen  
  37  3:20  Drone x7  
  37  3:23  Overlord  
  43  3:32  Drone  
  43  3:33  Overlord  
  43  3:39  Extractor  
  42  3:46  Overlord  
  42  3:47  Drone  
  42  3:48  Drone x3  
  46  3:52  Roach Warren  
  45  3:57  Drone  
  46  4:04  Drone  
  47  4:10  Queen  
  47  4:13  Queen  
  47  4:15  Overlord  
  53  4:23  Drone x3, Spore Crawler  
  53  4:24  Drone x2  
  57  4:26  Lair  
  57  4:30  Zergling x8  
  59  4:34  Roach  
  59  4:36  Roach  
  59  4:38  Roach  
  65  4:40  Drone  
  66  4:59  Drone x2  
  68  5:01  Overlord x2  
  68  5:02  Roach x4  
  76  5:08  Overlord  
  76  5:25  Drone x7  
  76  5:26  Drone x5  
  88  5:30  Glial Reconstitution, Extractor x2  
  88  5:33  Overseer  
  88  5:34  Roach  
  88  5:48  Roach x5  
  98  6:01  Hydralisk Den, Overlord x3  
  97  6:10  Overlord x3  
  97  6:11  Overlord  
  97  6:24  Roach x3  
  97  6:25  Roach x3  
  109  6:34  Muscular Augments  
  109  6:38  Extractor  
  102  6:47  Roach x5  
  102  6:48  Roach x4  
  118  7:03  Drone x6  
  124  7:10  Drone x3, Extractor  
  124  7:12  Hydralisk  
  124  7:13  Hydralisk x4  
  130  7:38  Hydralisk  
  130  7:39  Hydralisk x5  
  136  8:04  Hydralisk x6  
  136  8:05  Hydralisk  
  138  8:28  Hatchery  
Show
View Real Time Build Order
Export as new Build Order

Loken Protoss 

Build Orders:  

Get SALT Encoding   

  12  0:01  Probe (Chrono Boost)  
  13  0:12  Probe (Chrono Boost)  
  14  0:23  Pylon  
  14  0:30  Probe (Chrono Boost)  
  15  0:41  Pylon  
  15  0:47  Probe (Chrono Boost)  
  16  0:58  Probe (Chrono Boost)  
  16  1:00  Gateway  
  17  1:08  Probe (Chrono Boost)  
  17  1:09  Assimilator  
  18  1:19  Probe (Chrono Boost)  
  19  1:29  Probe (Chrono Boost)  
  19  1:32  Pylon  
  20  1:40  Probe (Chrono Boost)  
  21  1:51  Probe (Chrono Boost), Nexus  
  22  2:01  Cybernetics Core  
  22  2:04  Zealot  
  22  2:07  Probe (Chrono Boost)  
  25  2:18  Probe (Chrono Boost)  
  25  2:21  Assimilator  
  26  2:31  Probe (Chrono Boost)  
  27  2:38  Warp Gate  
  27  2:41  Probe (Chrono Boost)  
  28  2:52  Stalker, Probe (Chrono Boost)  
  31  2:59  Robotics Facility  
  31  3:02  Probe (Chrono Boost)  
  32  3:09  Probe (Chrono Boost)  
  33  3:13  Probe (Chrono Boost)  
  33  3:19  Probe (Chrono Boost)  
  35  3:23  Stalker, Probe (Chrono Boost)  
  39  3:34  Probe (Chrono Boost)  
  39  3:36  Twilight Council  
  39  3:39  Probe (Chrono Boost)  
  40  3:44  Pylon, Probe (Chrono Boost)  
  40  3:48  Observer  
  42  3:50  Probe (Chrono Boost)  
  43  3:56  Probe (Chrono Boost)  
  43  4:00  Probe (Chrono Boost)  
  45  4:07  Gateway, Probe (Chrono Boost)  
  45  4:09  Gateway  
  46  4:11  Gateway, Probe (Chrono Boost)  
  46  4:14  Gateway  
  47  4:17  Probe (Chrono Boost)  
  47  4:21  Probe (Chrono Boost)  
  49  4:27  Gateway  
  49  4:31  Gateway  
  49  4:34  Gateway  
  49  4:40  Resonating Glaives  
  49  4:50  Pylon  
  49  4:55  Pylon  
  49  5:05  Forge  
  49  5:09  Assimilator  
  49  5:11  Forge  
  49  5:22  Warp Prism  
  51  5:30  Adept x3  
  51  5:31  Adept x4  
  65  5:53  Adept  
  65  5:54  Adept  
  69  6:01  Pylon  
  69  6:02  Pylon  
  69  6:03  Pylon x2  
  69  6:23  Adept x4  
  69  6:24  Adept x4  
  65  7:02  Adept x5  
  65  7:03  Adept x3  
  81  7:23  Pylon  
  81  7:24  Pylon  
  79  7:32  Pylon  
  79  7:36  Stalker x4  
  85  7:37  Stalker x4  
  73  8:05  Stalker x5  
  71  8:06  Stalker x3  
  49  8:33  Assimilator  
Tags
 
Add a new tag
Caveats
  • Supply blocks, unpowered buildings, or Contaminate may cause inaccurate times.
  • Supply counts are checked every 10 seconds.